 Dungeon Crawl Stone Soup version 0.26-a0-670-g578ab304f5 (webtiles) character file.

Game seed: 18412609221704911171

114 Ijustatesigmund the Grasshopper (level 4, -3/23 HPs)
             Began as a Spriggan Warper on Oct 19, 2020.
             Slain by a gnoll
             ... wielding a +0 halberd
              (9 damage)
             ... on level 3 of the Dungeon.
             The game lasted 00:06:33 (3245 turns).

Ijustatesigmund the Grasshopper (Spriggan Warper)   Turns: 3245, Time: 00:06:34

Health: -3/23      AC:  2    Str:  7    XL:     4   Next: 67%
Magic:  9/9        EV: 18    Int: 14    God:
Gold:   108        SH:  6    Dex: 16    Spells: 6/8 levels left

rFire    . . .     SeeInvis +   a - +1 short sword
rCold    . . .     Faith    .   k - +1 buckler
rNeg     . . .     Spirit   .   b - +0 robe
rPois    .         Reflect  .   (helmet restricted)
rElec    .         Harm     .   (no cloak)
rCorr    .         Rampage  .   (gloves unavailable)
MR       .....     Rnd*Tele +   (boots unavailable)
Stlth    +++.......             (no amulet)
HPRegen  0.07/turn              i - ring of teleportation (curse)
MPRegen  0.11/turn              (no ring)

@: very quick
A: very small, unfitting armour, see invisible, speed 3
a: no special abilities


You were on level 3 of the Dungeon.
You visited 1 branch of the dungeon, and saw 3 of its levels.

You collected 108 gold pieces.

Inventory:

Hand Weapons
 a - a +1 short sword (weapon)
Missiles
 e - 4 boomerangs of dispersal (quivered)
Armour
 b - a +0 robe (worn)
 k - a +1 buckler (worn)
Jewellery
 i - a cursed ring of teleportation (left hand)
Scrolls
 c - a scroll of identify
 d - a scroll of blinking
Potions
 f - a potion of magic
 g - 4 potions of curing
 j - a potion of haste {unknown}
 l - a potion of invisibility {unknown}
 m - 3 potions of heal wounds {unknown}
 n - a potion of brilliance {unknown}


   Skills:
 + Level 2.5 Fighting
 + Level 3.4 Short Blades
 - Level 1.0 Throwing
 - Level 3.5 Dodging
 + Level 3.6 Stealth
 - Level 2.6 Spellcasting
 + Level 4.9 Translocations


You had 6 spell levels left.
You knew the following spells:

 Your Spells              Type           Power        Failure   Level
a - Blink                 Tloc           N/A          8%          2

Your spell library contained the following spells:

 Spells                   Type           Power        Failure   Level
 Gell's Gravitas          Tloc           ###.......   14%         3
 Lesser Beckoning         Tloc           ###.......   14%         3
 Teleport Other           Tloc           ###.....     14%         3
 Passage of Golubria      Tloc           N/A          43%         4


Dungeon Overview and Level Annotations

Branches:
Dungeon (3/15)

Altars:
Ru

Annotations:
D:3 Robin


Innate Abilities, Weirdness & Mutations

You are very small and have problems with some larger weapons.
You are too small for most types of armour.
You have supernaturally acute eyesight. (SInv)
You cover ground extremely quickly.


Message History

The gnoll hits you from afar with a +0 halberd.
The gnoll closely misses you.
You hit the gnoll.
The gnoll is severely wounded.
The gnoll completely misses you. The gnoll misses you.
You closely miss the gnoll.
The gnoll is severely wounded.
The gnoll completely misses you. The gnoll barely misses you.
You hit the gnoll.
You kill the gnoll!
The gnoll completely misses you.
You see here a +0 spear.
You hit the gnoll.
The gnoll is moderately wounded.
The gnoll hits you with a +0 halberd!
* * * LOW HITPOINT WARNING * * *
You hit the gnoll.
The gnoll is heavily wounded.
The gnoll hits you with a +0 halberd!
You die...

### #.. ..# #.# #.#
#.# #.# #.# #.# #.#
#.# ######### #.#
####.#####.......##
#.#
#.)...@g...(..(.(((
#.#
#.##.#####.########
#.# #.##.# #.# #.#
#.##[# #.#
#.#####.##.# #.#
#.....†....# #.#
###.....#### #.#
#.##### #.# #.#


You could see a gnoll.

Vanquished Creatures
  2 gnolls (D:3)
  3 adders (D:2)
  An ooze (D:3)
  2 worms (D:2)
  A leopard gecko (D:1)
  A ball python (D:1)
  8 bats
  A giant cockroach (D:2)
  4 goblins
  7 hobgoblins
  8 jackals
  5 frilled lizards
  7 kobolds
  6 rats
56 creatures vanquished.

Notes
Turn   | Place    | Note
-------+----------+-------------------------------------------
     0 | D:1      | Ijustatesigmund the Spriggan Warper began the quest for the
                  | Orb.
     0 | D:1      | Reached XP level 1. HP: 10/10 MP: 5/5
   468 | D:1      | Reached skill level 1 in Stealth
   662 | D:1      | Reached XP level 2. HP: 3/15 MP: 6/6
  1374 | D:1      | Learned a level 2 spell: Blink
  1729 | D:2      | Reached XP level 3. HP: 13/18 MP: 8/8
  2383 | D:2      | Reached XP level 4. HP: 12/23 MP: 9/9
  3019 | D:2      | Found a sacrificial altar of Ru.
  3136 | D:3      | Noticed Robin
  3245 | D:3      | Slain by a gnoll

Illustrated notes

Levels and vault maps discovered:
D:1:      onia_arrival_mini_spirals, layout_basic, minmay_3d_cube
D:2:      layout_rooms, nicolae_ru_path_of_blood
D:3:      layout_loops_ring, minmay_misc_feat_cross, minmay_snake_closets,
          uniq_robin

Skill      XL: |  1  2  3 |
---------------+----------+-----
Stealth        | 1 2 3 |  3.6
Fighting       | 2 |  2.5
Short Blades   | 3 |  3.4
Throwing       | |  1.0
Dodging        | |  3.5
Spellcasting   | |  2.6
Translocations | |  4.9

Action                   |  1- 3 |  4- 6 || total
-------------------------+-------+-------++-------
Melee: Short sword       |   154 |    66 ||   220
Throw: Dart              |    46 |    18 ||    64
       Boomerang         |       |     1 ||     1
  Use: Scroll            |     3 |     3 ||     6
 Stab: Sleeping          |     3 |     2 ||     5
Armor: Robe              |    19 |     1 ||    20
Dodge: Dodged            |   113 |    56 ||   169
Block: Buckler           |    21 |    15 ||    36

Table legend: (Time is in decaauts)
 A = Elapsed time spent in this place.
 B = Non-inter-level travel time spent in this place.
 C = Inter-level travel time spent in this place.
 D = Time resting spent in this place.
 E = Time spent auto-exploring this place.
 F = Levels seen in this place.
 G = Mean time per level.
                   A        B        C        D        E       F      G
               +--------+--------+--------+--------+--------+-----+--------+
         Total |   2723 |   2710 |     13 |   1245 |    997 |   3 |  907.7 |
       Dungeon |   2723 |   2710 |     13 |   1245 |    997 |   3 |  907.7 |
               +--------+--------+--------+--------+--------+-----+--------+

Top non-repeatable levels by time:
     D:1: 1391 daAuts
     D:2: 1198 daAuts
     D:3: 133 daAuts
